TOP OF THE 1ST |
Minnesota Twins batting - Pitching for Milwaukee Brewers : RHP Mekonen Mahfudh
|
Pitching: RHP Mekonen Mahfudh
|
|
Batting: LHB Alejandro Soriano
|
0-0: Ball 1-0: SINGLE (Flyball, 34D, EV 86.2 MPH)
|
Batting: RHB Alex Sandoval
|
0-0: Ball 1-0: Foul Ball, location: 2F 1-1: Ball 2-1: Fly out, F8 (Flyball, 8LXD, EV 98.8 MPH)
|
Batting: RHB Hildo Pot
|
0-0: Ball Alejandro Soriano is caught stealing 2nd base 2-4 1-0: Ball 2-0: Foul Ball, location: 2F 2-1: Called Strike 2-2: SINGLE (Groundball, 6D, EV 99.4 MPH)
|
Batting: RHB Matthew Starr
|
0-0: Ball 1-0: Ball 2-0: Called Strike 2-1: Ball 3-1: Base on Balls Hildo Pot to second
|
Batting: LHB Helge Jivotovsky
|
0-0: Ball 1-0: Ball 2-0: Called Strike 2-1: Ground out 4-3 (Groundball, 4, EV 90.0 MPH)
|
Top of the 1st over - 0 runs, 2 hits, 0 errors, 2 left on base; Minnesota 0 - Milwaukee 0 |
BOTTOM OF THE 1ST |
Milwaukee Brewers batting - Pitching for Minnesota Twins : RHP Mark Case
|
Pitching: RHP Mark Case
|
|
Batting: SHB Lewis Thorpe Jr.
|
0-0: Called Strike 0-1: Foul Ball, location: 2F 0-2: Ball 1-2: SINGLE (Line Drive, 34D, EV 105.6 MPH)
|
Batting: RHB Adrian Rudkilde
|
0-0: SINGLE (Flyball, 78S, EV 92.5 MPH) Lewis Thorpe Jr. to second
|
Batting: SHB Jason Woods
|
0-0: Ball 1-0: Ball 2-0: Ball 3-0: Called Strike 3-1: Foul Ball, location: 2F 3-2: Base on Balls Lewis Thorpe Jr. to third Adrian Rudkilde to second
|
Batting: RHB Akitada Nishizawa
|
0-0: Ball 1-0: Ball 2-0: Swinging Strike 2-1: Swinging Strike 2-2: Foul Ball, location: 2F 2-2: Strikes out swinging
|
Batting: SHB Jean-François Bernard
|
0-0: Called Strike 0-1: Ball 1-1: SINGLE (Line Drive, 34, EV 96.9 MPH) Lewis Thorpe Jr. scores Adrian Rudkilde to third Jason Woods to second
|
Pitching: RHP Steffen Joseph
|
|
Batting: SHB Pat Wilson
|
0-0: Ball 1-0: Ball 2-0: Ball 3-0: Base on Balls Adrian Rudkilde scores Jason Woods to third Jean-François Bernard to second
|
Batting: RHB Kisho Ito
|
0-0: Grounds into double play, 5-4-3 (Groundball, 56, EV 105.0 MPH)
|
Bottom of the 1st over - 2 runs, 3 hits, 0 errors, 2 left on base; Minnesota 0 - Milwaukee 2 |
TOP OF THE 2ND |
Minnesota Twins batting - Pitching for Milwaukee Brewers : RHP Mekonen Mahfudh
|
Batting: SHB Brian Bagley
|
0-0: Called Strike 0-1: Called Strike 0-2: Strikes out swinging
|
Batting: RHB José Molina
|
0-0: Ball 1-0: Ground out 5-3 (Groundball, 56S, EV 81.2 MPH)
|
Batting: RHB Mike Quackenbush
|
0-0: Ball 1-0: Ball 2-0: Called Strike 2-1: Called Strike 2-2: Ball 3-2: Foul Ball, location: 2F 3-2: DOUBLE (Line Drive, 7LM, EV 86.2 MPH)
|
Batting: RHB Danny Eberhart
|
0-0: Ball 1-0: Ball 2-0: Ground out 5-3 (Groundball, 56, EV 85.0 MPH)
|
Top of the 2nd over - 0 runs, 1 hit, 0 errors, 1 left on base; Minnesota 0 - Milwaukee 2 |
BOTTOM OF THE 2ND |
Milwaukee Brewers batting - Pitching for Minnesota Twins : RHP Steffen Joseph
|
Batting: RHB Mike Ball
|
0-0: Called Strike 0-1: Fly out, F4 (Popup, 4, EV 67.5 MPH)
|
Batting: RHB Ben Campbell
|
0-0: Ball 1-0: Swinging Strike 1-1: Ball 2-1: Ground out 1-3 (Groundball, 15S, EV 71.2 MPH)
|
Batting: SHB Lewis Thorpe Jr.
|
0-0: SOLO HOME RUN (Flyball, 7D, EV 99.4 MPH), Distance : 378 ft
|
Batting: RHB Adrian Rudkilde
|
0-0: Ground out 4-3 (Groundball, 4MD, EV 101.2 MPH)
|
Bottom of the 2nd over - 1 run, 1 hit, 0 errors, 0 left on base; Minnesota 0 - Milwaukee 3 |
TOP OF THE 3RD |
Minnesota Twins batting - Pitching for Milwaukee Brewers : RHP Mekonen Mahfudh
|
Batting: LHB Alejandro Soriano
|
0-0: Called Strike 0-1: Called Strike 0-2: Strikes out swinging, 2-3 out at first.
|
Batting: RHB Alex Sandoval
|
0-0: Ball 1-0: Swinging Strike 1-1: Called Strike 1-2: Ball 2-2: Foul Ball, location: 2F 2-2: Foul Ball, location: 2F 2-2: Ball 3-2: Foul Ball, location: 2F 3-2: SINGLE (Line Drive, 8RS, EV 110.6 MPH)
|
Batting: RHB Hildo Pot
|
0-0: Ball 1-0: Foul Ball, location: 2F 1-1: Ball Alex Sandoval steals 2nd base 2-1: Ball 3-1: Fly out, F7 (Flyball, 7, EV 83.8 MPH)
|
Batting: RHB Matthew Starr
|
0-0: Ball 1-0: Ball 2-0: Ball 3-0: Called Strike 3-1: Fly out, F9 (Line Drive, 9S, EV 101.9 MPH)
|
Top of the 3rd over - 0 runs, 1 hit, 0 errors, 1 left on base; Minnesota 0 - Milwaukee 3 |
BOTTOM OF THE 3RD |
Milwaukee Brewers batting - Pitching for Minnesota Twins : RHP Steffen Joseph
|
Batting: SHB Jason Woods
|
0-0: Ball 1-0: Foul Ball, location: 2F 1-1: Foul Ball, location: 2F 1-2: Ball 2-2: Ground out 6-3 (Groundball, 4, EV 106.9 MPH)
|
Batting: RHB Akitada Nishizawa
|
0-0: Ball 1-0: Called Strike 1-1: Ball 2-1: SINGLE (Groundball, 6MD, EV 98.8 MPH)
|
Batting: SHB Jean-François Bernard
|
0-0: Ball 1-0: Fielders Choice at 2nd, 5-4 (Groundball, 5L, EV 83.8 MPH)
|
Batting: SHB Pat Wilson
|
0-0: Ball Jean-François Bernard steals 2nd base 1-0: Foul Ball, location: 2F 1-1: Foul Ball, location: 2F 1-2: Strikes out swinging
|
Bottom of the 3rd over - 0 runs, 1 hit, 0 errors, 1 left on base; Minnesota 0 - Milwaukee 3 |
TOP OF THE 4TH |
Minnesota Twins batting - Pitching for Milwaukee Brewers : RHP Mekonen Mahfudh
|
Batting: LHB Helge Jivotovsky
|
0-0: Ground out U3 (Groundball, 3, EV 86.2 MPH)
|
Batting: SHB Brian Bagley
|
0-0: Foul Ball, location: 2F 0-1: Ball 1-1: Ball 2-1: Swinging Strike 2-2: Ball 3-2: Strikes out swinging
|
Batting: RHB José Molina
|
0-0: Ball 1-0: Swinging Strike 1-1: Foul Ball, location: 2F 1-2: Strikes out swinging
|
Top of the 4th over - 0 runs, 0 hits, 0 errors, 0 left on base; Minnesota 0 - Milwaukee 3 |
BOTTOM OF THE 4TH |
Milwaukee Brewers batting - Pitching for Minnesota Twins : RHP Steffen Joseph
|
Batting: RHB Kisho Ito
|
0-0: Ball 1-0: Foul Ball, location: 2F 1-1: Foul Ball, location: 2F 1-2: Foul Ball, location: 2F 1-2: Ground out 4-3 (Groundball, 34, EV 105.6 MPH)
|
Batting: RHB Mike Ball
|
0-0: Swinging Strike 0-1: Ball 1-1: Ball 2-1: SINGLE (Line Drive, 6M, EV 93.8 MPH)
|
Batting: RHB Ben Campbell
|
0-0: Called Strike 0-1: Called Strike 0-2: Ball Wild Pitch! Mike Ball to second 1-2: Strikes out looking
|
Batting: SHB Lewis Thorpe Jr.
|
0-0: Ball 1-0: Called Strike 1-1: Ball 2-1: Ground out 4-3 (Groundball, 4, EV 91.2 MPH)
|
Bottom of the 4th over - 0 runs, 1 hit, 0 errors, 1 left on base; Minnesota 0 - Milwaukee 3 |
TOP OF THE 5TH |
Minnesota Twins batting - Pitching for Milwaukee Brewers : RHP Mekonen Mahfudh
|
Batting: RHB Mike Quackenbush
|
0-0: Called Strike 0-1: Foul Ball, location: 2F 0-2: Ball 1-2: Strikes out swinging
|
Batting: RHB Danny Eberhart
|
0-0: Called Strike 0-1: Ball 1-1: Ball 2-1: Foul Ball, location: 2F 2-2: Ground out 4-3 (Groundball, 4, EV 110.0 MPH)
|
Batting: LHB Alejandro Soriano
|
0-0: Swinging Strike 0-1: Ball 1-1: Ball 2-1: Called Strike 2-2: Foul Ball, location: 2F 2-2: SINGLE (Groundball, 6D, EV 100.6 MPH)
|
Batting: RHB Alex Sandoval
|
0-0: Called Strike Alejandro Soriano steals 2nd base 0-1: Ground out 6-3 (Groundball, 56, EV 86.2 MPH)
|
Top of the 5th over - 0 runs, 1 hit, 0 errors, 1 left on base; Minnesota 0 - Milwaukee 3 |
BOTTOM OF THE 5TH |
Milwaukee Brewers batting - Pitching for Minnesota Twins : RHP Steffen Joseph
|
Batting: RHB Adrian Rudkilde
|
0-0: Called Strike 0-1: Called Strike 0-2: SINGLE (Groundball, 34D, EV 106.9 MPH)
|
Batting: SHB Jason Woods
|
0-0: Called Strike 0-1: Ball 1-1: DOUBLE (Line Drive, 89D, EV 112.5 MPH) Adrian Rudkilde to third Runner from 3rd tries for Home, throw by RF and OUT! 9-4-2 Jason Woods to third
|
Batting: RHB Akitada Nishizawa
|
0-0: Foul Ball, location: 2F 0-1: Ball 1-1: Ball 2-1: Foul Ball, location: 2F 2-2: Ball 3-2: Strikes out swinging
|
Batting: SHB Jean-François Bernard
|
0-0: Ball 1-0: Ball 2-0: Ball 3-0: Called Strike 3-1: Base on Balls
|
Batting: SHB Pat Wilson
|
0-0: Ball 1-0: Called Strike 1-1: Ground out 4-3 (Groundball, 4, EV 102.5 MPH)
|
Bottom of the 5th over - 0 runs, 2 hits, 0 errors, 2 left on base; Minnesota 0 - Milwaukee 3 |
TOP OF THE 6TH |
Minnesota Twins batting - Pitching for Milwaukee Brewers : RHP Mekonen Mahfudh
|
Batting: RHB Hildo Pot
|
0-0: Called Strike 0-1: SINGLE (Flyball, 89S, EV 98.8 MPH)
|
Batting: RHB Matthew Starr
|
0-0: Ball 1-0: Swinging Strike 1-1: Ball 2-1: Ball 3-1: Base on Balls Hildo Pot to second
|
Batting: LHB Helge Jivotovsky
|
0-0: Ball 1-0: Foul Ball, location: 2F 1-1: Ball 2-1: Foul Ball, location: 2F 2-2: Foul Ball, location: 2F 2-2: Ball 3-2: Foul Ball, location: 2F 3-2: Fly out, F5 (Popup, 5SF, EV 70.6 MPH)
|
Batting: SHB Brian Bagley
|
0-0: Ball 1-0: Ball 2-0: Ball 3-0: Called Strike 3-1: Swinging Strike 3-2: Base on Balls Hildo Pot to third Matthew Starr to second
|
Pitching: RHP Chitoji Takemoto
|
|
Batting: RHB José Molina
|
0-0: Called Strike 0-1: Foul Ball, location: 2F 0-2: Ball 1-2: Strikes out swinging
|
Batting: RHB Mike Quackenbush
|
0-0: Ball 1-0: Called Strike 1-1: Fly out, F7 (Flyball, 78M, EV 86.2 MPH)
|
Top of the 6th over - 0 runs, 1 hit, 0 errors, 3 left on base; Minnesota 0 - Milwaukee 3 |
BOTTOM OF THE 6TH |
Milwaukee Brewers batting - Pitching for Minnesota Twins : RHP Steffen Joseph
|
Batting: RHB Kisho Ito
|
0-0: Called Strike 0-1: SINGLE (Groundball, 6D, EV 100.0 MPH)
|
Batting: RHB Mike Ball
|
0-0: Ball 1-0: Called Strike 1-1: Called Strike 1-2: Ball 2-2: Ball 3-2: Foul Ball, location: 2F 3-2: Fly out, F8 (Flyball, 8LM, EV 76.2 MPH)
|
Batting: RHB Ben Campbell
|
0-0: Swinging Strike 0-1: Ball 1-1: Ball 2-1: Ball 3-1: Foul Ball, location: 2F 3-2: Ground out 5-3 (Groundball, 56, EV 108.8 MPH) Kisho Ito to second
|
Batting: SHB Lewis Thorpe Jr.
|
0-0: 2-RUN HOME RUN (Line Drive, 78XD, EV 112.5 MPH), Distance : 410 ft
|
Batting: RHB Adrian Rudkilde
|
0-0: Foul Ball, location: 2F 0-1: Ball 1-1: Ball 2-1: Ball 3-1: Called Strike 3-2: Foul Ball, location: 2F 3-2: Foul Ball, location: 2F 3-2: Base on Balls
|
Batting: SHB Jason Woods
|
0-0: Foul Ball, location: 2F 0-1: Called Strike 0-2: Foul Ball, location: 2F 0-2: Ball 1-2: Ball 2-2: Foul Ball, location: 2F 2-2: Foul Ball, location: 2F 2-2: Foul Ball, location: 2F 2-2: 2-RUN HOME RUN (Flyball, 89XD, EV 103.8 MPH), Distance : 415 ft
|
Batting: RHB Akitada Nishizawa
|
0-0: Ball 1-0: Foul Ball, location: 2F 1-1: Ground out 6-3 (Groundball, 6M, EV 105.0 MPH)
|
Bottom of the 6th over - 4 runs, 3 hits, 0 errors, 0 left on base; Minnesota 0 - Milwaukee 7 |
TOP OF THE 7TH |
Minnesota Twins batting - Pitching for Milwaukee Brewers : RHP Chitoji Takemoto
|
Batting: RHB Danny Eberhart
|
0-0: Called Strike 0-1: Ground out 1-3 (Groundball, P, EV 66.2 MPH)
|
Batting: LHB Alejandro Soriano
|
0-0: Called Strike 0-1: Called Strike 0-2: Ball 1-2: Strikes out looking
|
Batting: RHB Alex Sandoval
|
0-0: Ball 1-0: SINGLE (Groundball, 6MD, EV 100.0 MPH)
|
Batting: RHB Hildo Pot
|
0-0: Called Strike Alex Sandoval steals 2nd base (no throw) 0-1: Foul Ball, location: 2F 0-2: Strikes out swinging
|
Top of the 7th over - 0 runs, 1 hit, 0 errors, 1 left on base; Minnesota 0 - Milwaukee 7 |
BOTTOM OF THE 7TH |
Milwaukee Brewers batting - Pitching for Minnesota Twins : RHP Steffen Joseph
|
Pitching: LHP Tim Fried
|
|
Batting: SHB Jean-François Bernard
|
0-0: Called Strike 0-1: Ball 1-1: Foul Ball, location: 2F 1-2: Ball 2-2: Ball 3-2: Ground out 6-3 (Groundball, 6, EV 84.4 MPH)
|
Batting: SHB Pat Wilson
|
0-0: Called Strike 0-1: Swinging Strike 0-2: Ball 1-2: Foul Ball, location: 2F 1-2: Ball 2-2: Foul Ball, location: 2F 2-2: Fly out, F1 (Line Drive, P, EV 65.6 MPH)
|
Batting: RHB Kisho Ito
|
0-0: Called Strike 0-1: Ball 1-1: Foul Ball, location: 2F 1-2: Ground out 4-3 (Groundball, 4, EV 85.6 MPH)
|
Bottom of the 7th over - 0 runs, 0 hits, 0 errors, 0 left on base; Minnesota 0 - Milwaukee 7 |
TOP OF THE 8TH |
Minnesota Twins batting - Pitching for Milwaukee Brewers : RHP Chitoji Takemoto
|
Batting: RHB Matthew Starr
|
0-0: Called Strike 0-1: Foul Ball, location: 2F 0-2: Ball 1-2: Strikes out swinging
|
Batting: LHB Helge Jivotovsky
|
0-0: Called Strike 0-1: Foul Ball, location: 2F 0-2: Ground out U3 (Groundball, 3, EV 91.2 MPH)
|
Batting: SHB Brian Bagley
|
0-0: Ball 1-0: Ball 2-0: Ball 3-0: Base on Balls
|
Batting: RHB José Molina
|
0-0: Ball 1-0: Called Strike 1-1: Foul Ball, location: 2F 1-2: SINGLE (Line Drive, 8LS, EV 94.4 MPH) Brian Bagley to second
|
Batting: RHB Mike Quackenbush
|
0-0: Called Strike 0-1: Ground out 2-3 (Groundball, 2R, EV 75.6 MPH)
|
Top of the 8th over - 0 runs, 1 hit, 0 errors, 2 left on base; Minnesota 0 - Milwaukee 7 |
BOTTOM OF THE 8TH |
Milwaukee Brewers batting - Pitching for Minnesota Twins : LHP Tim Fried
|
Batting: RHB Mike Ball
|
0-0: Called Strike 0-1: Reached on error, E3 (Groundball, 34, EV 83.8 MPH)
|
Batting: RHB Ben Campbell
|
0-0: Ball 1-0: Ball 2-0: Called Strike 2-1: Called Strike 2-2: Ball 3-2: Ground out 5-3 (Groundball, 5S, EV 78.1 MPH) Mike Ball to second
|
Batting: SHB Lewis Thorpe Jr.
|
0-0: Called Strike 0-1: Swinging Strike 0-2: Strikes out looking
|
Batting: RHB Adrian Rudkilde
|
0-0: Swinging Strike 0-1: Swinging Strike 0-2: Ball 1-2: SINGLE (Line Drive, 9S, EV 91.9 MPH) Mike Ball to third Runner from 3rd tries for Home, SAFE, throw by RF to home
|
Pinch Hitting: RHB Daniel Donovan
|
0-0: Ball 1-0: Ground out 3-1 (Groundball, 34, EV 89.4 MPH)
|
Bottom of the 8th over - 1 run, 1 hit, 1 error, 1 left on base; Minnesota 0 - Milwaukee 8 |
TOP OF THE 9TH |
Minnesota Twins batting - Pitching for Milwaukee Brewers : RHP Chitoji Takemoto
|
Now in LF: Daniel Donovan
|
|
Batting: RHB Danny Eberhart
|
0-0: Ball 1-0: Foul Ball, location: 2F 1-1: Ball 2-1: Swinging Strike 2-2: Ground out U3 (Groundball, 3, EV 78.1 MPH)
|
Batting: LHB Alejandro Soriano
|
0-0: Foul Ball, location: 2F 0-1: Called Strike 0-2: Fly out, F9 (Flyball, 9LSF, EV 91.9 MPH)
|
Batting: RHB Alex Sandoval
|
0-0: Called Strike 0-1: Foul Ball, location: 2F 0-2: Ball 1-2: Ball 2-2: Ball 3-2: Ground out 1-3 (Groundball, 15S, EV 64.4 MPH)
|
Top of the 9th over - 0 runs, 0 hits, 0 errors, 0 left on base; Minnesota 0 - Milwaukee 8 |
|